 Dungeon Crawl Stone Soup version 0.30-b1-2-g02819fbbbe (webtiles) character file.

Game seed: 15359758876369240583

167069 manyhoops the Scorcher (level 16, -8/136 HPs)
             Began as a Demigod Fire Elementalist on Nov 9, 2023.
             Mangled by a spark wasp (16 damage)
             ... on level 4 of the Spider Nest.
             The game lasted 01:12:52 (29419 turns).

manyhoops the Scorcher (Demigod Fire Elementalist) Turns: 29419, Time: 01:12:55

Health: -8/136     AC: 11    Str:  5    XL:     16   Next: 76%
Magic:  2/47       EV: 14    Int: 39    God:
Gold:   1597       SH:  0    Dex: 14    Spells: 3/41 levels left

rFire   + . .        g - +9 whip of Resourcefulness {flame, rPois rN+++ Str-2 Int+2}
rCold   x . .        (no shield)
rNeg    + + +        U - +2 robe {Archmagi}
rPois   +            k - +0 helmet
rElec   .            I - +2 cloak {Will+}
rCorr   .            T - +0 pair of gloves
SInv    .            y - +1 pair of boots
Will    ++...        n - amulet of magic regeneration
Stlth   ++++         O - ring of magical power
HPRegen 0.42/turn    F - ring of fire
MPRegen 0.70/turn

%: archmagi
@: no status effects
A: high MP 1, forlorn, divine attributes, weak 1, wild magic 1
a: no special abilities


You were on level 4 of the Spider Nest.
You visited 4 branches of the dungeon, and saw 26 of its levels.
You also visited: Gauntlet.

You collected 3008 gold pieces.
You spent 1411 gold pieces at shops.

Inventory:

Hand Weapons
 g - the +9 whip of Resourcefulness (weapon) {flame, rPois rN+++ Str-2 Int+2}
   (You found it on level 2 of the Dungeon)

   Str:       It affects your strength (-2).
   Int:       It affects your intelligence (+2).
   rPois:     It protects you from poison.
   rN:        It renders you almost immune to negative energy.
Missiles
 B - 2 throwing nets
Armour
 a - a +2 robe of cold resistance
 k - a +0 helmet (worn)
 t - a +0 buckler
 y - a +1 pair of boots (worn)
 I - a +2 cloak of willpower (worn)
 T - a +0 pair of gloves (worn)
 U - a +2 robe of the Archmagi (worn)
Magical Staves
 R - the staff of death "Deridont" {rF++ rN+ Str-3}
   (You found it on level 1 of the Orcish Mines)

   [staff of death]

   Base accuracy: +5 Base damage: 5 Base attack delay: 1.2 This weapon's minimum
   attack delay (0.6) is reached at skill level 12.
   Str:       It affects your strength (-3).
   rF:        It greatly protects you from fire.
   rN:        It protects you from negative energy.
   It falls into the 'Staves' category.
   It is a one-handed weapon.
Jewellery
 n - an amulet of magic regeneration (around neck)
 v - a ring of poison resistance
 C - a ring of positive energy
 D - a ring of protection from fire
 F - a ring of fire (right hand)
 J - the ring of the Tortoise {AC+8}
   (You found it on level 1 of the Spider Nest)

   [ring of protection]

   AC:        It affects your AC (+8).
 O - a ring of magical power (left hand)
 Q - a ring of protection from cold
Wands
 f - a wand of quicksilver (24)
 E - a wand of paralysis (31)
 G - a wand of polymorph (9)
 N - a wand of flame (17)
 P - a wand of roots (7)
 V - a wand of mindburst (19)
Scrolls
 c - 7 scrolls of amnesia
 d - 6 scrolls of fog
 j - 3 scrolls of enchant armour
 o - 4 scrolls of silence
 p - 5 scrolls of fear
 r - 12 scrolls of teleportation
 u - 2 scrolls of vulnerability
 w - 2 scrolls of magic mapping
 x - 3 scrolls of noise
 A - 3 scrolls of poison
 L - 4 scrolls of immolation
 M - 6 scrolls of torment
 W - a scroll of blinking
 Z - 6 scrolls of identify
Potions
 b - 2 potions of magic
 e - 3 potions of flight
 h - 5 potions of mutation
 i - 10 potions of curing
 l - 4 potions of attraction
 m - 3 potions of berserk rage
 q - 5 potions of heal wounds
 s - 4 potions of haste
 z - 2 potions of brilliance
 H - 3 potions of might
 K - a potion of invisibility
 S - 2 potions of cancellation
 X - 2 potions of lignification {unknown}
 Y - 7 potions of ambrosia


   Skills:
 - Level 10.6 Fighting
 - Level 5.2 Dodging
 + Level 8.8 Stealth
 - Level 13.2 Spellcasting
 - Level 11.9 Conjurations
 - Level 18.7 Fire Magic


You had 3 spell levels left.
You knew the following spells:

 Your Spells              Type           Power      Damage    Failure   Level
a - Foxfire               Conj/Fire      100%       2x1d9     1%          1
b - Scorch                Fire           100%       2d9       1%          2
c - Flame Wave            Conj/Fire      100%       2d21      1%          4
d - Sticky Flame          Conj/Fire      100%       2d11      1%          4
e - Starburst             Conj/Fire      81%        6d21      1%          6
f - Blink                 Tloc           100%       N/A       3%          2
g - Ignition              Fire           86%        3d22      7%          8
j - Fireball              Conj/Fire      81%        3d30      1%          5
k - Plasma Beam           Fire/Air       69%        2x1d93    7%          6

Your spell library contained the following spells:

 Spells                   Type           Power      Damage    Failure   Level
 Momentum Strike          Conj/Tloc      100%       3d10      1%          2
 Dazzling Flash           Conj/Hex       100%       N/A       1%          3
 Ignite Poison            Fire/Tmut/Pois 100%       N/A       1%          3
 Inner Flame              Hex/Fire       100%       N/A       1%          3
 Mephitic Cloud           Conj/Pois/Air  84%        N/A       1%          3
 Volatile Blastmotes      Fire/Tloc      100%       2d18      1%          3
 Apportation              Tloc           100%       N/A       2%          1
 Necrotise                Necr           100%       1d9       2%          1
 Lesser Beckoning         Tloc           100%       N/A       3%          2
 Poisonous Vapours        Pois/Air       100%       N/A       3%          2
 Sublimation of Blood     Necr           50%        N/A       3%          2
 Vampiric Draining        Necr           50%        2d9       7%          3
 Iskenderun's Mystic Bla  Conj/Tloc      96%        2d19      2%          4
 Irradiate                Conj/Tmut      48%        3d27      5%          5
 Freezing Cloud           Conj/Ice/Air   42%        6-21      12%         5
 Anguish                  Hex/Necr       25%        N/A       21%         4
 Animate Dead             Necr           50%        N/A       21%         4
 Leda's Liquefaction      Hex/Erth       25%        N/A       21%         4
 Petrify                  Tmut/Erth      50%        N/A       21%         4
 Agony                    Necr           50%        N/A       45%         5
 Alistair's Intoxication  Tmut/Pois      33%        N/A       45%         5
 Borgnjor's Vile Clutch   Necr/Erth      25%        N/A       45%         5
 Lee's Rapid Deconstruct  Erth           25%        3d14*     45%         5
 Death Channel            Necr           25%        N/A       95%         6
 Statue Form              Tmut/Erth      33%        N/A       95%         6
 Summon Cactus Giant      Summ           25%        N/A       95%         6
 Fire Storm               Conj/Fire      81%        8d20      97%         9
 Enfeeble                 Hex            25%        N/A       100%        7


Dungeon Overview and Level Annotations

Branches:
Dungeon (15/15)            Temple (0/1) D:6            Lair (5/5) D:10
  Swamp (0/4) Lair:3       Spider (4/4) Lair:3        Slime (0/5) Lair:4
    Orc (2/2) D:11            Elf (0/3) Orc:2        Vaults (0/5) D:14
 Depths (0/4) D:15        Gauntlet (visited)

Shops:
D:2 ?   D:6 (   D:7 =   D:12 *   Orc:1 ?   Orc:2 ?[**

Annotations:
D:2 1 runed translucent door, Crazy Yiuf
D:6 3 runed translucent doors, Frank's ghost, novice DsFi
Lair:1 2 transporters, carontestyx's ghost, journeyman FoFi
Lair:4 4 runed translucent doors, Xyudeake's ghost, journeyman DEFE
Lair:5 2 runed translucent doors, Setanta's ghost, journeyman MfFi


Innate Abilities, Weirdness & Mutations

You have an increased reservoir of magic. (+10% MP)
You shall have no god before yourself.
Your divine heritage dramatically boosts your attributes as you level up.
You are weak. (Str -2)
Your spells are a little harder to cast, but a little more powerful.


Message History

Confirm with . or Enter, or press ? or * to list all spells.
Casting: Ignition (dangerous; 7% risk of failure)
Press: ? - help, Dir - look around, f - activate You feel a strong surge of power!
The air bursts into flame!
The fireball engulfs something!!!
The fireball engulfs the spark wasp!!
The spark wasp is moderately wounded.
The fireball engulfs the jumping spider!!!
You kill the jumping spider!
You feel you are being watched by something.
You feel your power leaking away. The spark wasp stings you!!
The spark wasp shocks you!
Unknown command.
Casting: Ignition (dangerous; 7% risk of failure)
Confirm with . or Enter, or press ? or * to list all spells.
Casting: Ignition (dangerous; 7% risk of failure)
Press: ? - help, Dir - look around, f - activate You feel a strong surge of power!
The air bursts into flame!
The fireball engulfs something!!
The fireball engulfs the spark wasp!!
The spark wasp is heavily wounded.
The spark wasp closely misses you.
You feel you are being watched by something.
You feel your power leaking away.
Casting: Ignition (dangerous; 7% risk of failure)
Confirm with . or Enter, or press ? or * to list all spells.
You don't have enough magic to cast this spell.
Unknown command.
Unknown command.
The spark wasp stings you!! The spark wasp shocks you!
The spark wasp stings you! The spark wasp shocks you!
The spark wasp attacks as you move away!
The spark wasp misses you.
There is a stone staircase leading up, spattered with blood here.
The spark wasp stings you!!
* * * LOW HITPOINT WARNING * * *
The spark wasp shocks you!
* * * LOW HITPOINT WARNING * * *
The spark wasp stings you.
* * * LOW HITPOINT WARNING * * *
The spark wasp shocks you!
You die...

*********#***######
*,,*,,,,*#.,##....# *** ******
,,,,,,,,.#..#.....# **^****~,~,^
,,,,,,,,....#.....# *^^,,,^,,,,,
,,,,,,,,........@.#***^,,,,^*,,,,
,,,,,,,,........y.#*^**,,,,,,,,,,
,,,,,,,,.....#....##^^,,,,,,,,,,,
*,,,,,,,.....^^...^#,*,,,,**^,,*,
*,,,,,,,..........^...^,,,,,,,,^^
*#....!..#........~^....,,,,,~~~*
.....#..†.....†....#~.^.,^~~~~,^~
.........#..y..^..~^.#..,~~~~~***
...#..............##^#^^~~~~~~~,~


You could see a spark wasp and a meliai.

Vanquished Creatures
  Jorgrun (Orc:2)
  Frances (Spider:1)
  5 emperor scorpions
  3 ghost moths (Spider:2)
  2 broodmothers
  A stone giant (Orc:1)
  3 spark wasps
  A minotaur (Gauntlet)
  4 ettins
  8 entropy weavers
  4 hydras
  3 ogre magi
  5 radroaches
  5 catoblepae
  2 centaur warriors
  6 jorogumos
  16 two-headed ogres
  10 boulder beetles
  2 tengu warriors (D:15)
  5 death yaks (Lair:5)
  Sonja (Orc:2)
  Nergalle (Orc:1)
  4 skeletal warriors (D:14)
  3 pharaoh ants
  2 iron trolls (Orc:2)
  2 sun moths
  2 skysharks
  10 orb spiders
  A bog body (Lair:3)
  5 steelbarb worms
  2 wizards
  Pikel (D:5)
  A deep elf pyromancer (D:13)
  21 cyclopes
  15 wolf spiders
  5 moths of wrath
  18 ugly things
  An orc sorcerer (Orc:2)
  An elephant (Lair:4)
  An oklob plant (Lair:3)
  Maurice (Orc:2)
  8 demonic crawlers
  8 manticores
  A black mamba (Lair:5)
  An ice statue (Gauntlet)
  A torpor snail (Spider:2)
  A cane toad (shapeshifter) (D:14)
  3 gargoyles
  3 rime drakes
  A kobold demonologist (D:13)
  6 komodo dragons
  3 unseen horrors
  A yaktaur (D:11)
  9 cane toads
  2 freezing wraiths (D:13)
  A queen bee (D:13)
  2 tengu conjurers (D:15)
  16 trolls
  7 meliai
  A raiju (shapeshifter) (D:15)
  A polar bear (Lair:1)
  28 tarantellas
  A dream sheep (shapeshifter) (D:14)
  13 dream sheep
  7 blink frogs (Lair:4)
  24 jumping spiders
  4 slime creatures (Gauntlet)
  A spriggan (shapeshifter) (D:14)
  4 wyverns
  29 culicivoras
  A centaur simulacrum (D:14)
  A water elemental (D:14)
  A wraith (D:11)
  3 shadows
  2 vampires
  56 yaks
  7 vampire mosquitoes
  54 redbacks
  A steam dragon (Lair:4)
  8 basilisks
  3 wargs (Orc:1)
  16 water moccasins
  2 acid dragons
  8 orc warriors
  8 black bears
  2 sky beasts
  A meliai simulacrum (D:11)
  27 ogres
  11 wolves
  5 centaurs
  2 lemures (D:5)
  2 phantoms
  6 kobold brigands
  13 bullfrogs
  A gnoll sergeant (D:11)
  2 scorpions
  7 wights (D:10)
  33 killer bees
  An electric eel (Lair:2)
  2 howler monkeys (D:7)
  4 hounds
  2 jellies
  A gnoll bouda (D:5)
  5 orc priests
  2 sleepcaps (D:5)
  An iguana (D:6)
  13 orc wizards
  Natasha (thrice) (D:3)
  12 hell rats (Lair:5)
  Robin (D:2)
  9 gnolls
  7 adders
  4 river rats (Lair:5)
  A shadow imp (D:8)
  A white imp (D:6)
  A dart slug (D:3)
  43 orcs
  7 ball pythons
  9 endoplasms
  2 giant cockroaches (D:1)
  6 goblins
  9 hobgoblins
  9 jackals
  5 quokkas
  3 training dummies (D:6)
  4 bats
  34 kobolds
  9 rats
  7 bushes
872 creatures vanquished.

Vanquished Creatures (collateral kills)
  A foxfire (D:10)
1 creature vanquished.

Vanquished Creatures (others)
  A river rat (Lair:5)
  392 foxfires
  28 fungi
  46 plants
  22 withered plants
489 creatures vanquished.

Grand Total: 1362 creatures vanquished

Notes
Turn   | Place    | Note
-------+----------+-------------------------------------------
     0 | D:1      | manyhoops the Demigod Fire Elementalist began the quest for
                  | the Orb.
     0 | D:1      | Reached XP level 1. HP: 14/14 MP: 5/5
    90 | D:1      | Reached skill level 3 in Fire Magic
   257 | D:1      | Reached skill level 1 in Conjurations
   257 | D:1      | Reached XP level 2. HP: 12/20 MP: 0/7
  1261 | D:2      | Identified the +9 whip of Resourcefulness {flame, rPois
                  | rN+++ Str-2 Int+2}
  1267 | D:2      | Reached XP level 3. HP: 26/26 MP: 5/8
  1300 | D:2      | Noticed Robin
  1305 | D:2      | Killed Robin
  1306 | D:2      | Reached skill level 4 in Fire Magic
  1317 | D:2      | Found a runed translucent door.
  1318 | D:2      | Noticed Crazy Yiuf
  1407 | D:2      | Learned a level 2 spell: Scorch
  1496 | D:2      | Found Iditra's Magic Scroll Shoppe.
  1509 | D:2      | Bought a scroll of fear for 48 gold pieces
  1509 | D:2      | Bought a scroll of identify for 24 gold pieces
  1509 | D:2      | Bought a scroll of teleportation for 36 gold pieces
  1878 | D:2      | Reached XP level 4. HP: 33/33 MP: 6/9
  2376 | D:3      | Gained mutation: You are weak. (Str -2) [potion of
                  | mutation]
  2376 | D:3      | Gained mutation: Your spells are a little harder to cast,
                  | but a little more powerful. [potion of mutation]
  2483 | D:3      | Noticed Natasha
  2486 | D:3      | Reached skill level 1 in Fighting
  2488 | D:3      | Killed Natasha
  2549 | D:3      | Noticed Natasha
  2553 | D:3      | Killed Natasha
  2554 | D:3      | Reached XP level 5. HP: 41/41 MP: 6/10
  2727 | D:3      | Noticed Natasha
  2731 | D:3      | Killed Natasha
  3055 | D:4      | Identified a scroll of acquirement
  3056 | D:4      | Acquired a book of Spectacle
  3535 | D:4      | Reached skill level 5 in Fire Magic
  3535 | D:4      | Reached XP level 6. HP: 46/48 MP: 6/12
  3660 | D:5      | Entered Level 5 of the Dungeon
  3835 | D:5      | Reached XP level 7. HP: 55/55 MP: 10/15
  3993 | D:5      | Found Ygufreb's Self-Improvement Boutique.
  4073 | D:5      | Noticed a wyvern
  4076 | D:5      | Killed a wyvern
  4077 | D:5      | Reached skill level 6 in Fire Magic
  4082 | D:5      | Learned a level 4 spell: Flame Wave
  4085 | D:5      | Learned a level 2 spell: Blink
  4177 | D:5      | Noticed Pikel
  4185 | D:5      | Killed Pikel
  4186 | D:5      | Reached skill level 5 in Spellcasting
  4186 | D:5      | Reached XP level 8. HP: 57/61 MP: 1/19
  4187 | D:5      | Reached skill level 7 in Fire Magic
  4652 | D:6      | Found a staircase to the Ecumenical Temple.
  4755 | D:6      | Learned a level 5 spell: Fireball
  5032 | D:6      | Found Umell's Firing Range.
  5490 | D:6      | Found a runed translucent gate.
  5491 | D:6      | Found a runed translucent gate.
  5491 | D:6      | Found a runed translucent gate.
  5492 | D:6      | Noticed Frank's ghost (novice DsFi)
  5666 | D:7      | Found Taunupsy's Jewellery Emporium.
  5963 | D:7      | Reached XP level 9. HP: 67/67 MP: 18/22
  5995 | D:7      | Reached skill level 8 in Fire Magic
  6890 | D:8      | Reached skill level 5 in Conjurations
  6941 | D:8      | Reached skill level 9 in Fire Magic
  7740 | D:9      | Noticed a gargoyle
  7742 | D:9      | Killed a gargoyle
  8141 | D:9      | Reached XP level 10. HP: 56/73 MP: 14/24
  8241 | D:9      | Reached skill level 10 in Fire Magic
  8488 | D:10     | Entered Level 10 of the Dungeon
  8502 | D:10     | Found a staircase to the Lair.
  8654 | D:10     | Reached skill level 11 in Fire Magic
  8742 | D:10     | Noticed a two-headed ogre
  8747 | D:10     | Killed a two-headed ogre
  8880 | D:10     | Noticed a centaur warrior
  8890 | D:10     | Killed a centaur warrior
  8898 | D:10     | Learned a level 6 spell: Starburst
  8996 | D:10     | Noticed an Executioner
  9381 | Lair:1   | Entered Level 1 of the Lair of Beasts
  9384 | Lair:1   | Reached XP level 11. HP: 79/79 MP: 15/25
  9472 | Lair:1   | Noticed an eight-headed hydra
  9477 | Lair:1   | Killed an eight-headed hydra
  9478 | Lair:1   | Reached skill level 12 in Fire Magic
  9713 | Lair:1   | Found a transporter.
  9717 | Lair:1   | Found a transporter.
  9866 | Lair:1   | Identified the +7 scale mail "Qosheupt" {Dex+4}
  9939 | Lair:1   | Noticed carontestyx's ghost (journeyman FoFi)
 10434 | Lair:2   | Noticed a boulder beetle
 10439 | Lair:2   | Killed a boulder beetle
 10670 | Lair:2   | Noticed a seven-headed hydra
 10673 | Lair:2   | Killed a seven-headed hydra
 10674 | Lair:2   | Reached skill level 13 in Fire Magic
 10794 | Lair:2   | Noticed a boulder beetle
 10802 | Lair:2   | Killed a boulder beetle
 11556 | Lair:3   | Reached skill level 10 in Conjurations
 12061 | Lair:3   | Noticed an eight-headed hydra
 12065 | Lair:3   | Killed an eight-headed hydra
 12128 | Lair:3   | Found a hole to the Spider Nest.
 12128 | Lair:3   | Noticed an orb spider
 12130 | Lair:3   | Killed an orb spider
 12131 | Lair:3   | Reached skill level 14 in Fire Magic
 12131 | Lair:3   | Reached XP level 12. HP: 85/85 MP: 25/26
 12335 | Lair:3   | Found a staircase to the Swamp.
 12694 | Lair:4   | Found a gate leading to a gauntlet.
 12700 | Gauntlet | Entered a Gauntlet
 12700 | Gauntlet | Found a transporter.
 12700 | Gauntlet | Found a transporter.
 12704 | Gauntlet | Found a transporter.
 12787 | Gauntlet | Found a transporter.
 12803 | Gauntlet | Found a transporter.
 12807 | Gauntlet | Found a transporter.
 12821 | Gauntlet | Found a transporter.
 12825 | Gauntlet | Found a transporter.
 12830 | Gauntlet | Found a transporter.
 12830 | Gauntlet | Found a transporter.
 12837 | Gauntlet | Noticed an entropy weaver
 13008 | Gauntlet | Found a transporter.
 13036 | Gauntlet | Reached skill level 5 in Stealth
 13037 | Gauntlet | Reached skill level 5 in Fighting
 13208 | Gauntlet | Found a transporter.
 13210 | Gauntlet | Found a transporter.
 13233 | Gauntlet | Killed an entropy weaver
 13279 | Gauntlet | Noticed a minotaur
 13291 | Gauntlet | Killed a minotaur
 13300 | Gauntlet | Identified the staff of poison "Mugrof" {rPois Dex+2}
 13623 | Lair:4   | Found a runed translucent gate.
 13624 | Lair:4   | Found a runed translucent gate.
 13624 | Lair:4   | Noticed Xyudeake's ghost (journeyman DEFE)
 13625 | Lair:4   | Found a runed translucent gate.
 13625 | Lair:4   | Noticed a 12-headed hydra
 13684 | Lair:4   | Noticed a four-headed hydra
 13690 | Lair:4   | Killed a four-headed hydra
 13791 | Lair:4   | Found a runed translucent door.
 13794 | Lair:4   | Noticed an acid blob
 13796 | Lair:4   | Found a staircase to the Slime Pits.
 14254 | Lair:5   | Entered Level 5 of the Lair of Beasts
 14607 | Lair:5   | Reached XP level 13. HP: 104/104 MP: 27/27
 14607 | Lair:5   | Acquired 438 gold pieces
 14659 | Lair:5   | Learned a level 4 spell: Sticky Flame
 14694 | Lair:5   | Found a large runed translucent door.
 14696 | Lair:5   | Noticed Setanta's ghost (journeyman MfFi)
 14698 | Lair:5   | Found a large runed translucent door.
 14932 | Lair:5   | Reached skill level 15 in Fire Magic
 15640 | Lair:5   | Reached skill level 16 in Fire Magic
 16626 | D:11     | Found a staircase to the Orcish Mines.
 17122 | D:11     | Identified the +5 short sword "Jinuwn" {venom, rF- rC+
                  | Int+4}
 17355 | D:11     | Identified the staff of conjuration "Omakh" {Will- Str+9
                  | Int+4 Dex-2}
 17356 | D:11     | Identified the staff of air "Iciczud" {+Blink rElec Str-2
                  | Dex+6}
 18056 | D:12     | Reached skill level 17 in Fire Magic
 18109 | D:12     | Found Riecwuh's Fire Supplies.
 18115 | D:12     | Bought the Quarto of Burning for 576 gold pieces
 18258 | D:13     | Reached XP level 14. HP: 110/111 MP: 29/30
 19105 | Orc:1    | Entered Level 1 of the Orcish Mines
 19132 | Orc:1    | Found Fewnaqa's Magic Scroll Shop.
 19158 | Orc:1    | Bought a scroll of teleportation for 33 gold pieces
 19158 | Orc:1    | Bought 2 scrolls of fear for 88 gold pieces
 19158 | Orc:1    | Bought a scroll of amnesia for 44 gold pieces
 19158 | Orc:1    | Bought a scroll of teleportation for 33 gold pieces
 19492 | Orc:1    | Noticed Nergalle
 19495 | Orc:1    | Killed Nergalle
 19957 | Orc:1    | Found the +7 captain's cutlass {speed, disarm}
 20025 | Orc:1    | Identified the +1 longbow of Evisceration {drain, rPois
                  | MP-9 Int+7}
 20054 | Orc:1    | Identified the staff of death "Deridont" {rF++ rN+ Str-3}
 20171 | Orc:2    | Entered Level 2 of the Orcish Mines
 20176 | Orc:2    | Noticed Jorgrun
 20177 | Orc:2    | Noticed Maurice
 20181 | Orc:2    | Noticed Sonja
 20183 | Orc:2    | Killed Maurice
 20183 | Orc:2    | Killed Jorgrun
 20185 | Orc:2    | Killed Sonja
 20309 | Orc:1    | Learned a level 8 spell: Ignition
 20333 | Orc:2    | Reached skill level 18 in Fire Magic
 20334 | Orc:2    | Reached skill level 10 in Spellcasting
 20596 | Orc:2    | Found Tamipp's Assorted Antiques.
 20596 | Orc:2    | Found Waniapp's General Store.
 20603 | Orc:2    | Found Fuorid's Armour Emporium.
 20604 | Orc:2    | Found Pepnat's Magic Scroll Shoppe.
 20606 | Orc:2    | Bought a potion of heal wounds for 75 gold pieces
 20606 | Orc:2    | Bought a scroll of magic mapping for 112 gold pieces
 20606 | Orc:2    | Bought a potion of curing for 45 gold pieces
 20606 | Orc:2    | Bought a scroll of teleportation for 45 gold pieces
 20804 | Orc:2    | Bought a scroll of teleportation for 36 gold pieces
 20804 | Orc:2    | Bought a scroll of blinking for 90 gold pieces
 20804 | Orc:2    | Bought a scroll of teleportation for 36 gold pieces
 20804 | Orc:2    | Bought a scroll of magic mapping for 90 gold pieces
 21061 | Orc:2    | Found a staircase to the Elven Halls.
 21798 | D:13     | Reached XP level 15. HP: 71/117 MP: 2/34
 22237 | D:14     | Found a gate to the Vaults.
 22815 | D:15     | Entered Level 15 of the Dungeon
 22941 | D:15     | Found a staircase to the Depths.
 22941 | D:15     | Noticed a fire giant
 23588 | Spider:1 | Entered Level 1 of the Spider Nest
 23834 | Spider:1 | Learned a level 6 spell: Plasma Beam
 24169 | Spider:1 | Noticed Frances
 24189 | Spider:1 | Killed Frances
 24503 | Spider:1 | Found the ring of the Tortoise {AC+8}
 25217 | Spider:2 | Reached XP level 16. HP: 75/132 MP: 3/38
 26437 | Spider:2 | Reached skill level 10 in Fighting
 27229 | Spider:2 | Reached skill level 5 in Dodging
 27768 | Spider:4 | Entered Level 4 of the Spider Nest
 28418 | Spider:3 | Identified the +12 sling "Jeawkirr" {freeze, Will+}
 28895 | Spider:4 | Identified the +5 scale mail of the Gate {Str+3}
 29419 | Spider:4 | Mangled by a spark wasp

Illustrated notes

Levels and vault maps discovered:
D:1:      dpeg_arrival_pond, layout_loops_cross
D:2:      layout_loops_ring, serial_shops, shop,
          chequers_ecumenical_altar_grove, uniq_crazy_yiuf_cottage, uniq_robin
D:3:      layout_basic, minmay_box_of_dots, uniq_natasha
D:4:      layout_loops_ring, minmay_misc_feat_rows
D:5:      layout_basic, marbit_many_paths,
          mainiacjoe_overflow_concentric_impassable, nicolae_shop_self_help,
          uniq_pikel
D:6:      layout_loops_ring, temple_doors_e, ebering_ghost_rock_garden,
          nicolae_shop_firing_range
D:7:      layout_gridville, mainiacjoe_overflow_alcove_1,
          nicolae_wu_jian_wuxing_cycle, nicolae_qazlal_style_of_elements,
          nemelex_spade_bored_becter, serial_shops, shop
D:8:      layout_basic, elyvilon_altar_3, minmay_starry_boxes
D:9:      layout_loops_corners, nicolae_overflow_crystal_walls,
          nrook_mini_backslash
D:10:     layout_basic, makhleb_altar_promises_db, minmay_lair_entry_grove
D:11:     minmay_the_grid_octo_triangle [minmay_the_grid_octo_odd_swirl,
          minmay_the_grid_octo_prize_ultimate_mussel_roller,
          minmay_the_grid_octo_checkerflower], layout_gridville, orc_0_dummy,
          serial_co_window_serial, co_window_paths_a,
          co_window_of_opportunity_a, co_window_paths_b, co_window_corner_a,
          co_window_of_opportunity_a, co_window_paths_c, co_window_corner_b,
          co_window_2corner, co_window_paths_e, co_window_paths_d,
          glass_columns_c, glass_columns_a, glass_columns_a, glass_columns_a,
          glass_columns_b
D:12:     layout_cave_pools, serial_park, serial_park_avenue1,
          serial_park_square1 [serial_park_minivault_5x5_7], minmay_misc_feat_x,
          nicolae_shop_fire_sale [nicolae_sub_dead_trees]
D:13:     layout_roguey [special_room_bee]
D:14:     layout_cave_pools, david_vaults_2, nicolae_water_bricks
D:15:     grunt_enter_depths_giant_problem, layout_irregular_city,
          kiku_gazebo_garden_becter
Lair:1:   layout_chaotic_city, gammafunk_ghost_hive, grunt_megastairs_3
Lair:2:   dreamdust_cave_troll, layout_cave_pods, grunt_megastairs_5,
          serial_bayou_shore_a, lemuel_fruit_fields, lemuel_fruit_tree
Lair:3:   layout_cave_pods, skrybe_swamp_entry_bodies,
          nicolae_spider_entry_orb_guardian, st_stairs_6,
          infiniplex_staircase_pool_2
Lair:4:   layout_roguey, slime_entry_2, gammafunk_ghost_hydra_chop,
          gauntlet_entry_generic, evilmike_ambush
          [evilmike_ambush_outer_pillars, evilmike_ambush_inner_basic]
Lair:5:   evilmike_catoblepas_cave, layout_regular_city,
          ebering_ghost_disaster_area, kennysheep_abandoned_house
Spider:1: layout_spider_delve, nicolae_spider_nook, uniq_frances
Spider:2: nicolae_spider_hilbert_zone_7 [nicolae_spider_hilbert_4_sides_1_open,
          nicolae_spider_hilbert_4_sides_1_open,
          nicolae_spider_hilbert_4_sides_1_open,
          nicolae_spider_hilbert_4_sides_1_open,
          nicolae_spider_hilbert_3_sides_1_open,
          nicolae_spider_hilbert_3_sides_1_open,
          nicolae_spider_hilbert_3_sides_1_open,
          nicolae_spider_hilbert_3_sides_1_open,
          nicolae_spider_hilbert_4_sides_1_open,
          nicolae_spider_hilbert_4_sides_1_open,
          nicolae_spider_hilbert_4_sides_1_open,
          nicolae_spider_hilbert_2_sides_1_open,
          nicolae_spider_hilbert_2_sides_1_open,
          nicolae_spider_hilbert_2_sides_1_open,
          nicolae_spider_hilbert_2_sides_1_open,
          nicolae_spider_hilbert_2_sides_1_open,
          nicolae_spider_hilbert_2_sides_1_open], drop_trap
Spider:3: layout_spider_delve, hangedman_spider_tarantella_strand
Spider:4: grunt_spider_rune_island, hellmonk_ghost_happy_afterlife
Orc:1:    giant_chief_lemuel, layout_caves, serial_shops, shop, uniq_nergalle
Orc:2:    st_orc_open, layout_caves, guppyfry_library_mini, uniq_sonja,
          uniq_maurice, uniq_jorgrun

Skill      XL: |  1  2  3  4  5  6  7  8  9 10 11 12 13 14 15 16 |
---------------+-------------------------------------------------+-----
Fire Magic     | 3 4 5 6 7 9 11 14 17 18 | 18.7
Conjurations   | 1 2 3 4 6 8 10 11 | 11.9
Fighting       | 2 6 9 10 | 10.6
Spellcasting   | 2 3 5 6 8 10 13 | 13.2
Stealth        | 7 8 |  8.8
Dodging        | 2 5 |  5.2

Action                     |  1- 3 |  4- 6 |  7- 9 | 10-12 | 13-15 | 16-18 || total
---------------------------+-------+-------+-------+-------+-------+-------++-------
  Melee: Dagger            |    21 |       |       |       |       |       ||    21
         Whip              |    23 |    31 |    27 |    26 |    14 |     6 ||   127
   Cast: Foxfire           |    70 |    63 |    65 |    38 |     4 |       ||   240
         Scorch            |     4 |    20 |    72 |    82 |    48 |     9 ||   235
         Flame Wave        |       |       |    10 |    19 |    15 |     3 ||    47
         Fireball          |       |       |    10 |   100 |   295 |    41 ||   446
         Starburst         |       |       |       |     7 |     8 |     6 ||    21
         Sticky Flame      |       |       |       |       |    27 |    15 ||    42
         Ignition          |       |       |       |       |    26 |    18 ||    44
         Plasma Beam       |       |       |       |       |    11 |    64 ||    75
  Evoke: Wand              |       |       |       |     1 |     1 |       ||     2
    Use: Scroll            |     4 |     4 |     5 |    11 |     7 |     9 ||    40
         Potion            |     1 |     2 |       |     6 |     1 |     1 ||    11
   Stab: Sleeping          |     3 |     2 |       |       |       |       ||     5
 Armour: Robe              |    18 |    11 |    28 |    18 |    56 |    36 ||   167
         Troll leather arm |       |       |       |     4 |       |       ||     4
  Dodge: Dodged            |    47 |    23 |    51 |    53 |    62 |    51 ||   287
